[Event "*** Titled Tuesday Blitz"]
[Site "Chess.com"]
[Date "2020.04.14"]
[Round "8"]
[White "kleopl"]
[Black "pichonazo"]
[Result "1/2-1/2"]
[WhiteElo "2408"]
[BlackElo "2555"]
[TimeControl "180+1"]
[EndTime "11:30:32 PDT"]
[Termination "Game drawn - insufficient material"]

1. c4 e5 2. Nc3 Nc6 3. Nf3 Nf6 4. e4 Bc5 5. Nxe5 Nxe5 6. d4 Bb4 7. dxe5 Nxe4 8. Qf3 Nxc3 9. bxc3 Bc5 10. Qg3 O-O 11.
Bh6 g6 12. Bxf8 Qxf8 13. Bd3 d6 14. O-O dxe5 15. Qxe5 Be6 16. Rfe1 Rd8 17. Bf1 Bd6 18. Qe3 b6 19. Rad1 Rc8 20. g3 Qg7 21. Qd4 Bc5 22.
Qxg7+ Kxg7 23. Re4 a5 24. h4 h5 25. Rd2 a4 26. Kh2 a3 27. Bh3 Bxh3 28. Kxh3 Bd6 29. Kg2 Ra8 30. Rd1 Ra5 31. Rd5 Ra4 32. Red4 Bc5 33.
Re4 Bd6 34. Kf3 f5 35. Red4 Kf7 36. Ke2 Bc5 37. Rd7+ Ke6 38. Rxc7 Bxd4 39. cxd4 Kd6 40. Rg7 Rxc4 41. Rxg6+ Kd5 42. Rxb6 Rc2+ 43. Ke3 Rxa2 44. Rb5+ Kc4 45. Rxf5 Rc2 46. Rxh5 a2 47. Ra5 Kb4 48. Rxa2 Rxa2 49. h5 Kc4 50. g4 Kd5 51. h6 Ra3+ 52. Kf4 Rd3 53. g5 Rxd4+ 54. Kf5 Rh4 55. f4 Kd6 56.
Kg6 Rxf4 57. h7 Rh4 58. Kg7 Ke6 59. g6 Kf5 60. Kf7 Rh6 61. h8=Q Rxh8 62. g7 Rh7 63. Kf8 Rxg7 64. Kxg7 1/2-1/2

[Event "*** Titled Tuesday Blitz"]
[Site "Chess.com"]
[Date "2020.04.14"]
[Round "8"]
[White "Filip_Covic"]
[Black "Vamostodorecto"]
[Result "1-0"]
[WhiteElo "2326"]
[BlackElo "2475"]
[TimeControl "180+1"]
[EndTime "11:30:32 PDT"]
[Termination "Filip_Covic won by checkmate"]

1. d4 d5 2. c4 c6 3. Nc3 Nf6 4. Nf3 g6 5. Bg5 Bg7 6. e3 O-O 7. Rc1 h6 8. Bh4 Re8 9. Bd3 dxc4 10. Bxc4 g5 11. Bg3 Bg4 12. Bxf7+ Kxf7 13. Ne5+ Kg8 14. Nxg4 Nxg4 15. Qxg4 Nd7 16. Qe6+ Kh8 17. h4 Nf8 18. Qg4 gxh4 19. Bxh4 Qd6 20. Bg5 e5 21. dxe5 Rxe5 22. Bf4 Qe6 23. Qxe6 Rxe6 24. Rd1 Kh7 25. g4 Ng6 26. Bg3 Ne5 27. Bxe5 Rxe5 28. Rd7 b6 29. Kd2 Rae8 30. Rxa7 Rd8+ 31. Kc2 b5 32. a3 Rc5 33.
Rd1 Rf8 34. f4 Kg6 35. f5+ Kf6 36. Rd6+ Kg5 37. Rxg7+ Kh4 38. Rxh6+ Kg3 39. Rd6 Re8 40. Kd3 Rc4 41. f6 Kf3 42. f7 Rxe3+ 43. Kc2 Re2+ 44. Kb3 Rf4 45. Nxe2 Kxe2 46. g5 c5 47. Rf6 c4+ 48. Kb4 c3+ 49. Kxc3 b4+ 50. axb4 Re4 51. f8=Q Re3+ 52.
Kc4 Kd2 53. Rd6+ Kc2 54. Qf2+ Re2 55. Qxe2+ Kb1 56. Rd1+ Ka2 57. b3+ Ka3 58. Ra7# 1-0

[Event "*** Titled Tuesday Blitz"]
[Site "Chess.com"]
[Date "2020.04.14"]
[Round "8"]
[White "SARGISMV"]
[Black "tylityli"]
[Result "0-1"]
[WhiteElo "2464"]
[BlackElo "2179"]
[TimeControl "180+1"]
[EndTime "11:30:33 PDT"]
[Termination "tylityli won on time"]

1. c4 Nf6 2. Nc3 g6 3. e4 Bg7 4.
d4 O-O 5. Nf3 b6 6. Be2 Bb7 7.
Qc2 d6 8. O-O Nbd7 9. h3 e5 10.
d5 a5 11. a3 Nh5 12. Bg5 Bf6 13.
Bh6 Bg7 14. Bg5 Bf6 15. Bxf6 Qxf6 16. g3 Qe7 17. Ne1 Ng7 18. Nd3 f5 19. b4 axb4 20. axb4 f4 21. Rxa8 Bxa8 22. Kg2 Bb7 23. Nb5 Nf6 24.
Bf3 g5 25. c5 bxc5 26. bxc5 Ba6 27. Qa4 Bxb5 28. Qxb5 h5 29. g4 Kf7 30. cxd6 cxd6 31. Rc1 hxg4 32. hxg4 Kg6 33. Rc6 Rh8 34. Qb6 Nge8 35.
Qb8 Qd7 36. Qc8 Qa7 37. Qf5+ Kf7 38. Qxg5 Qa1 39. Nc1 Qa5 40. Ne2 Qe1 41. Ng1 Nxe4 42.
Qf5+ N4f6 43. g5 Rg8 44. Bh5+ Kf8 45. Nf3 Qe4 46. Qe6 Rxg5+ 47. Kf1 Rxh5 0-1

[Event "*** Titled Tuesday Blitz"]
[Site "Chess.com"]
[Date "2020.04.14"]
[Round "8"]
[White "Lucas_Tomiello"]
[Black "davidkalashian"]
[Result "0-1"]
[WhiteElo "2360"]
[BlackElo "2512"]
[TimeControl "180+1"]
[EndTime "11:30:34 PDT"]
[Termination "davidkalashian won by resignation"]

1. e4 c6 2. d4 g6 3. Nc3 Bg7 4. Nf3 d6 5. Be2 Nf6 6. O-O O-O 7. h3 Nbd7 8. Re1 e5 9. Bg5 Qc7 10. Qd2 Re8 11. Bf1 Nf8 12. Bh6 Ne6 13. Bxg7 Kxg7 14. g3 b6 15. Rad1 Bb7 16. h4 a6 17. Bh3 Bc8 18. d5 cxd5 19. Nxd5 Nxd5 20. Qxd5 Nd4 21.
Rxd4 Bxh3 22. Qxd6 Qxc2 23. Rd2 Qc5 24. Qxc5 bxc5 25.
Rc1 Rac8 26. Rd5 Be6 27. Rxe5 Bxa2 28. Rxe8 Rxe8 29. Nd2 Rd8 30. Nf1 c4 31. Ra1 Bb3 32. Ne3 Rd2 33. Rxa6 Rxb2 34. Rc6 Rb1+ 35. Kg2 Rc1 36.
Nd5 Re1 37. Ne3 Rc1 38. Nd5 h5 39. Rc7 Re1 40. Ne3 Rc1 41. Nd5 Rd1 42. Ne3 Rd4 43. e5 Re4 44. e6 Rxe6 45. Nxc4 Re2 46. Ne3 Ba4 47. Re7 Ra2 48. Re5 Bc6+ 49. Kg1 Ra1+ 50. Nf1 Bb7 51. f3 Ba6 52. Kf2 Rxf1+ 53. Ke3 Re1+ 54.
Kf4 Rxe5 55. Kxe5 Bb7 0-1

[Event "*** Titled Tuesday Blitz"]
[Site "Chess.com"]
[Date "2020.04.14"]
[Round "8"]
[White "viktorskliarov"]
[Black "Alexander_Zubov"]
[Result "1/2-1/2"]
[WhiteElo "2658"]
[BlackElo "2866"]
[TimeControl "180+1"]
[EndTime "11:30:35 PDT"]
[Termination "Game drawn by agreement"]

1. e4 c5 2. Nf3 d6 3. d4 cxd4 4. Qxd4 a6 5. Be3 e5 6. Qd2 Nf6 7. Nc3 Be7 8. O-O-O Nbd7 9. h3 b5 10. a3 Bb7 11. Bd3 Rc8 12. Kb1 O-O 13. g4 Rxc3 14.
Qxc3 Nxe4 15. Qe1 Nc3+ 16. Qxc3 Bxf3 17. Bf5 Bxh1 18. Rxh1 Nf6 19. Rd1 g6 20. Bd3 Nd5 21. Qb3 Nxe3 22. fxe3 Qb6 23. Bc4 Kg7 24. Rf1 f6 25.
Bd5 Qc5 26. e4 a5 27. Qd3 Rb8 28. h4 Rf8 29. h5 b4 30. a4 Qc8 31. Qh3 f5 32.
h6+ Kh8 33. gxf5 gxf5 34. exf5 Bg5 35. Qd3 Qd8 36. Be6 Bxh6 37. Rh1 Rf6 38. Qg3 d5 39. Qxe5 Bg7 40. Qh2 Rh6 41. Qg2 Qf6 42.
c3 Rxh1+ 43. Qxh1 bxc3 44. Qc1 cxb2 45. Qc8+ Bf8 46. Bxd5 h5 47. Qe6 Qxe6 48. Bxe6 Bg7 49. Bd5 Bf8 50. Bf3 Bg7 51. Bxh5 Bf6 52. Be2 Kg7 53.
Bd3 Kh6 54. Bc4 Kg5 55. Be6 1/2-1/2

[Event "*** Titled Tuesday Blitz"]
[Site "Chess.com"]
[Date "2020.04.14"]
[Round "8"]
[White "hellokostya"]
[Black "Sunnika"]
[Result "0-1"]
[WhiteElo "2493"]
[BlackElo "2378"]
[TimeControl "180+1"]
[EndTime "11:30:35 PDT"]
[Termination "Sunnika won by resignation"]

1. d4 Nf6 2. c4 c5 3. d5 e6 4. Nc3 exd5 5. cxd5 d6 6. e4 g6 7. Nge2 h5 8. f3 Bg7 9. Bg5 Nbd7 10.
Qd2 a6 11. a4 Rb8 12. Nc1 Ne5 13. Be2 O-O 14. h3 Qc7 15. f4 Ned7 16. Bf3 b5 17. axb5 axb5 18. O-O b4 19. Nd1 Re8 20. Nf2 c4 21. Ne2 Nc5 22. e5 Nh7 23. exd6 Qxd6 24. Nd4 Nxg5 25. fxg5 Bd7 26. Rae1 c3 27. bxc3 bxc3 28.
Qxc3 Nb3 29. Rxe8+ Bxe8 30. Rd1 Nxd4 31. Rxd4 Rb1+ 32.
Nd1 Bxd4+ 33. Qxd4 Qb6 34. Qxb6 Rxb6 35. Kf2 Kf8 36. Ne3 Ke7 37. Ke2 Rb2+ 38. Kd3 Bb5+ 39. Kd4 h4 40. Ke5 Rb1 41. d6+ Kd8 42. Kf6 Be8 43. Nc4 Rb4 44. Ne5 Rf4+ 45. Kg7 Rf5 46. Kh6 Rxe5 47. Bg4 Rd5 48. d7 Bxd7 49. Bf3 Rd4 50. Be2 Be6 51. Bf3 Ke7 52. Be2 Rd2 53. Bf3 Bc4 54. Kg7 Bf1 55. Bc6 Bxg2 56.
Bxg2 Rxg2 0-1

[Event "*** Titled Tuesday Blitz"]
[Site "Chess.com"]
[Date "2020.04.14"]
[Round "8"]
[White "kaumandur01"]
[Black "GigaQuparadze"]
[Result "0-1"]
[WhiteElo "2804"]
[BlackElo "2928"]
[TimeControl "180+1"]
[EndTime "11:30:36 PDT"]
[Termination "GigaQuparadze won by resignation"]

1. e4 c5 2. Nf3 e6 3. g3 a6 4. Bg2 b5 5. O-O Bb7 6. Re1 d6 7. d4 cxd4 8. Nxd4 Qc7 9. Nc3 Nd7 10. f4 Ngf6 11. a4 bxa4 12. Rxa4 Be7 13. Nb3 O-O 14. Na5 Nc5 15. Ra1 Rfd8 16. Qe2 e5 17. Be3 Ne6 18. Nd5 Nxd5 19. exd5 Nc5 20. b4 Nd7 21. Nc6 Bf6 22.
Nxd8 Rxd8 23. Rac1 Qc3 24. Qd2 Qc4 25. Qd3 Qxb4 26.
Rb1 Qa5 27. Bd2 Qc7 28. fxe5 Bxe5 29. Be3 Bc8 30. Rb3 Nc5 31. Qc4 h6 32. Bxc5 dxc5 33. Rd3 Bd6 34. Kh1 a5 35. Be4 Bd7 36. Rde3 a4 37.
Bd3 a3 38. Qb3 Rb8 39. Qxa3 c4 40. Qc3 cxd3 41. Qxc7 Bxc7 42. Rxd3 Bd6 43. c4 Rc8 44. Rc1 Bc5 45. Kg2 Bf5 46. Rb3 Be4+ 47. Kf1 Kf8 48.
Ke2 Ke7 49. Kd2 Kd6 50. Ra1 Bd4 51. Ra6+ Ke5 52. Rb4 Bc5 53. Rba4 Kd4 54. Rc6 Rb8 55. Ra2 Rb1 56. Rc7 Bb4+ 57. Ke2 Bd3+ 58. Kf3 Rf1+ 59.
Kg2 Rf6 60. Rf2 Bxc4 61. Rxf6 gxf6 62. Rxf7 Bxd5+ 63. Kh3 Bxf7 64. Kg4 Bg6 65. Kf4 h5 66. h4 Bd6+ 67. Kf3 Be4+ 68. Ke2 Bf5 0-1

[Event "*** Titled Tuesday Blitz"]
[Site "Chess.com"]
[Date "2020.04.14"]
[Round "8"]
[White "Cuchulin"]
[Black "MusicCityMaster"]
[Result "0-1"]
[WhiteElo "2128"]
[BlackElo "2314"]
[TimeControl "180+1"]
[EndTime "11:30:36 PDT"]
[Termination "MusicCityMaster won on time"]

1. d4 Nf6 2. Bf4 d6 3. Nc3 Nbd7 4. Nf3 c5 5. d5 b5 6. Nxb5 Qa5+ 7. Nc3 Rb8 8. Bd2 Rxb2 9. e4 Ba6 10. Nb5 Qb6 11. a4 Nxe4 12. Qc1 Rb4 13. Bxb4 cxb4 14. Qe3 Qxe3+ 15. fxe3 Kd8 16. Bd3 Ndc5 17. Nfd4 g6 18. Nc6+ Kd7 19. Nxb4 Bg7 20. Ra2 Nc3 21. Ra3 N3xa4 22.
Nxa6 Nxd3+ 23. cxd3 Nb6 24. O-O Nxd5 25. Nxa7 Nxe3 26.
Rb1 Bd4 27. Rb7+ Ke6 28. Nc7+ Kf6 29. Nab5 Nc2+ 30. Kf1 Nxa3 31. Nxd4 Rc8 32. Ke2 e6 33. Kd2 Ke5 34. Nc6+ Kf6 35. Nb4 d5 36. Nba6 h5 37. Rb3 Nc4+ 38. dxc4 dxc4 39. Rc3 Rd8+ 40. Ke3 Rd1 41.
Rxc4 Rg1 42. Kf2 Rh1 43. h3 g5 44. Nc5 Kg6 45. Rd4 Rc1 46. N7a6 Rc2+ 47. Kf3 e5 48. Rd1 f5 49. Rd6+ Kf7 50. Rh6 g4+ 51. hxg4 hxg4+ 52. Kg3 f4+ 53. Kxg4 Rxg2+ 54. Kf5 Kg7 55. Rc6 f3 56.
Ne4 f2 57. Rc1 Rg1 58. Rc7+ Kh6 59. Nxf2 Rf1 60. Rc2 e4 61. Kxe4 Kg5 0-1

[Event "*** Titled Tuesday Blitz"]
[Site "Chess.com"]
[Date "2020.04.14"]
[Round "8"]
[White "Alopekos"]
[Black "artichaud"]
[Result "1-0"]
[WhiteElo "2408"]
[BlackElo "2208"]
[TimeControl "180+1"]
[EndTime "11:30:37 PDT"]
[Termination "Alopekos won on time"]

1. Nf3 g6 2. e4 Bg7 3. d4 d6 4.
Nc3 Bg4 5. Be2 Nc6 6. Be3 e5 7. d5 Bxf3 8. Bxf3 Nd4 9. Bxd4 exd4 10. Ne2 c5 11. dxc6 bxc6 12. Nxd4 Ne7 13. O-O O-O 14.
c3 Rb8 15. Qd2 Qb6 16. Rab1 Rfd8 17. Qg5 c5 18. Ne6 fxe6 19. Qxe7 Re8 20. Qg5 Qa6 21. a3 Rb6 22. h4 Qb7 23. h5 gxh5 24. Bxh5 Rf8 25.
Bg4 Qxe4 26. Rfe1 Qf4 27. Bxe6+ Kh8 28. Qxf4 Rxf4 29. Re2 Be5 30. Rd1 Rf8 31. g3 a5 32.
a4 Rfb8 33. Rdd2 Kg7 34. f4 Bf6 35. Kg2 h5 36. Kf3 h4 37. g4 Be7 38. g5 Rh8 39.
Kg4 h3 40. Rh2 Bd8 41. Rxh3 Rxh3 42. Kxh3 d5 43. Bxd5 Bc7 44. Kg4 Rd6 45. f5 Bd8 46. f6+ Bxf6 47. gxf6+ Kxf6 48. Kf4 Rd8 49. Ke4 Re8+ 50.
Kd3 Rd8 51. Kc4 1-0

[Event "*** Titled Tuesday Blitz"]
[Site "Chess.com"]
[Date "2020.04.14"]
[Round "8"]
[White "mirciulica14"]
[Black "lupta_robin"]
[Result "1/2-1/2"]
[WhiteElo "2607"]
[BlackElo "2478"]
[TimeControl "180+1"]
[EndTime "11:30:39 PDT"]
[Termination "Game drawn by repetition"]

1. d4 Nf6 2. c4 g6 3. g3 Bg7 4. Bg2 O-O 5. Nc3 d6 6. Nf3 Nbd7 7. O-O e5 8. e4 a6 9. Qc2 b5 10. cxb5 axb5 11. dxe5 dxe5 12. Rd1 b4 13. Nd5 Nxd5 14.
Rxd5 Bb7 15. Rd1 b3 16. Qxb3 Bxe4 17. Nxe5 Bxg2 18. Rxd7 Qe8 19. Kxg2 Bxe5 20. Rd1 Rb8 21. Qc2 Qb5 22. Rb1 Qb7+ 23. Kg1 Qf3 24. Qd3 Qg4 25.
Bh6 Rfe8 26. b3 Qh5 27. Be3 Kg7 28. Qc4 Qf3 29. Qd5 Qf5 30. Bd4 h5 31. Bxe5+ Rxe5 32. Qd4 Kh7 33. Re1 Rbe8 34. Rxe5 Qxb1+ 35. Kg2 Rxe5 36. Qxe5 Qxa2 37. b4 Qc4 38. Qc5 Qxc5 39.
bxc5 Kg7 40. Kf3 Kf6 41. Ke4 Ke6 42. f4 c6 43. h3 Kf6 44. g4 hxg4 45. hxg4 Ke6 46.
Kd4 Kf6 47. Ke4 Ke6 48. f5+ Kf6 49. Kf4 g5+ 50. Ke4 Ke7 51. Ke5 f6+ 52. Kd4 Kd7 53.
Kc4 Kc7 54. Kb4 Kb7 55. Ka5 Ka7 56. Ka4 Kb7 57. Kb4 Ka7 58. Ka4 Kb7 59. Kb4 Ka7 60. Ka4 1/2-1/2

[Event "*** Titled Tuesday Blitz"]
[Site "Chess.com"]
[Date "2020.04.14"]
[Round "8"]
[White "karinachess1"]
[Black "ItalianMachine"]
[Result "1-0"]
[WhiteElo "2493"]
[BlackElo "2299"]
[TimeControl "180+1"]
[EndTime "11:30:39 PDT"]
[Termination "karinachess1 won by resignation"]

1. Nf3 Nf6 2. g3 g6 3. Bg2 Bg7 4. O-O O-O 5. d4 d6 6. b3 Nc6 7. Bb2 e5 8. dxe5 Ng4 9. Qc1 Ngxe5 10. c4 Nxf3+ 11. Bxf3 Bxb2 12. Qxb2 Ne5 13. Bg2 Qf6 14. Nc3 c6 15. Rad1 Qe7 16. Ne4 Rd8 17. Qd4 d5 18. Nc3 c5 19. Nxd5 cxd4 20. Nxe7+ Kg7 21. Nd5 d3 22.
exd3 Bg4 23. f3 Bf5 24. d4 Nc6 25. Rfe1 Rac8 26. f4 Be6 27. h3 b6 28. g4 Bxd5 29. Bxd5 Nb4 30. Be4 Nxa2 31. d5 Nc3 32. Rd3 Nxe4 33.
Rxe4 Rd7 34. g5 Kf8 35. Kf2 Rc5 36. b4 Rc8 37. Ke3 Rdc7 38. d6 Rd7 39. Rd5 Rc6 40. c5 a5 41. bxa5 bxc5 42. Ra4 Rcxd6 43. Rxd6 Rxd6 44. a6 Rd8 45. a7 Ra8 46. Ke4 Ke7 47. Kd5 Kd7 48. Kxc5 Kc7 49. Kd5 Kd7 50. Ke5 Ke7 51.
h4 Ke8 52. Kf6 Kf8 53. Rb4 1-0

[Event "*** Titled Tuesday Blitz"]
[Site "Chess.com"]
[Date "2020.04.14"]
[Round "8"]
[White "MikeSailer"]
[Black "willc-h99"]
[Result "1-0"]
[WhiteElo "2130"]
[BlackElo "2280"]
[TimeControl "180+1"]
[EndTime "11:30:39 PDT"]
[Termination "MikeSailer won by checkmate"]

1. d4 Nf6 2. Bf4 e6 3. e3 b6 4. Nf3 Bb7 5. Be2 Be7 6. O-O Nh5 7. Bg3 d6 8. c4 Nd7 9. Nc3 f5 10. a3 Nxg3 11. hxg3 g5 12. Nd2 g4 13. e4 O-O 14.
exf5 exf5 15. b4 Rf6 16. Bd3 Qe8 17. Re1 Rh6 18. Bxf5 Qh5 19. Qxg4+ Qxg4 20. Bxg4 Bg5 21. Nde4 Nf6 22. Be6+ Kg7 23. Nxg5 Rf8 24. Bh3 Kh8 25. Re7 Rg6 26. Ne6 Rfg8 27. Rxc7 Bc8 28. d5 Nh5 29.
Ne4 Ba6 30. b5 Bc8 31. a4 a6 32. a5 axb5 33. cxb5 bxa5 34. Rxa5 Bxe6 35. Bxe6 Rb8 36.
Raa7 Ng7 37. Nc3 Nxe6 38. dxe6 Rxe6 39. Rxh7+ Kg8 40. Rag7+ Kf8 41. Rh8+ Kxg7 42. Rxb8 Re1+ 43. Kh2 Rc1 44. Nd5 Rc5 45. Ne3 d5 46. Nxd5 Rxd5 47. b6 Rd2 48. f3 Rb2 49. g4 Rb1 50. Kg3 Kh7 51. Kf4 Kg7 52. g5 Rb5 53. Kg4 Rb4+ 54. f4 Rb2 55. g3 Rb1 56. f5 Rb4+ 57. Kh5 Rb1 58. f6+ Kh7 59. g6# 1-0

[Event "*** Titled Tuesday Blitz"]
[Site "Chess.com"]
[Date "2020.04.14"]
[Round "8"]
[White "theprosecution1"]
[Black "Ar4uha"]
[Result "1/2-1/2"]
[WhiteElo "2807"]
[BlackElo "2672"]
[TimeControl "180+1"]
[EndTime "11:30:40 PDT"]
[Termination "Game drawn by repetition"]

1. e4 e6 2. d4 d5 3. Nc3 Bb4 4. e5 c5 5. a3 Bxc3+ 6. bxc3 Ne7 7. Qg4 O-O 8. Bd3 Ng6 9. h4 f5 10. Qg3 Nc6 11. h5 Nh8 12. h6 g6 13. dxc5 Qa5 14.
Bd2 Nf7 15. Nf3 Qxc5 16. O-O Bd7 17. Rfe1 Rac8 18. Rab1 b6 19. Bxf5 exf5 20. e6 Bxe6 21. Rxe6 Kh8 22. Ng5 Nxg5 23. Bxg5 d4 24. Rd1 f4 25. Bxf4 Qf5 26. Rde1 Qxf4 27. Qxf4 Rxf4 28. Rxc6 Rcf8 29. f3 dxc3 30. Re7 Rh4 31. Rxa7 Rxh6 32. Rxc3 Rh5 33. Rcc7 Rd8 34. Rab7 b5 35. Kf2 Rg5 36. g4 h5 37. Rh7+ Kg8 38. Rbg7+ Kf8 39. gxh5 Rxh5 40.
Rxh5 gxh5 41. Rg5 Rc8 42. Rxb5 Rxc2+ 43. Kg3 Ra2 44. Ra5 Kf7 45. a4 Kg6 46. Kh4 Rh2+ 47. Kg3 Ra2 48. Ra8 Kg5 49. Rg8+ Kf5 50. Rh8 Rxa4 51.
Rxh5+ Kg6 52. Rb5 Kf6 53. Rh5 Kg6 54. Rh1 Kg5 55. Rc1 Rb4 56. Rc3 Ra4 57. Rc5+ Kg6 58. f4 Ra1 59. Rc6+ Kf5 60. Rc5+ Kg6 61. Kf3 Kf6 62.
Rc6+ Kf5 63. Rc5+ Kf6 64. Rc6+ Kf5 65. Rc5+ Kf6 1/2-1/2

[Event "*** Titled Tuesday Blitz"]
[Site "Chess.com"]
[Date "2020.04.14"]
[Round "8"]
[White "ChessicallyInclined"]
[Black "Aryangholami"]
[Result "1-0"]
[WhiteElo "2602"]
[BlackElo "2716"]
[TimeControl "180+1"]
[EndTime "11:30:40 PDT"]
[Termination "ChessicallyInclined won by checkmate"]

1. d4 d5 2. c4 e6 3. Nc3 a6 4. cxd5 exd5 5. Qb3 c5 6. Nxd5 Nc6 7. Nf3 cxd4 8. e4 Bd6 9. Bd3 Nge7 10. O-O O-O 11. Bg5 h6 12. Bh4 Rb8 13. e5 Bc5 14. Nf4 Qc7 15. Bxe7 Nxe7 16. Rac1 b6 17. Qc2 a5 18.
Be4 Ba6 19. Rfd1 Rfd8 20. Bd3 Bb7 21. Be4 Nc6 22. Nd3 Nb4 23. Nxb4 axb4 24. Bxb7 Qxb7 25. b3 Ra8 26. Qe2 Qd5 27. Rd3 Ra3 28. Rcd1 Rda8 29.
R1d2 Re8 30. h3 Ra7 31. Nxd4 Rxe5 32. Qg4 Re1+ 33. Kh2 Qe5+ 34. f4 Qf6 35. Nf3 Re8 36. Rd7 Rxd7 37. Qxd7 Qxf4+ 38. Kh1 Qe3 39. Rd3 Qc1+ 40.
Kh2 Qf4+ 41. Kh1 Re2 42. Rd2 Rxd2 43. Nxd2 Qe3 44. Qc8+ Kh7 45. Qf5+ Kg8 46. Qc8+ Bf8 47. Nf3 g6 48. Qc6 Kg7 49. Qd5 Bc5 50. Kh2 Qf4+ 51.
Kh1 Qc1+ 52. Kh2 Qc3 53. Ne5 Qd4 54. Qxf7+ Kh8 55. Nxg6# 1-0

[Event "*** Titled Tuesday Blitz"]
[Site "Chess.com"]
[Date "2020.04.14"]
[Round "8"]
[White "Chichin_chao"]
[Black "quesfr"]
[Result "0-1"]
[WhiteElo "2343"]
[BlackElo "2216"]
[TimeControl "180+1"]
[EndTime "11:30:40 PDT"]
[Termination "quesfr won by resignation"]

1. e4 e6 2. d3 c5 3. Nc3 Nc6 4. f4 d5 5. Nf3 Nf6 6. e5 Nd7 7.
g3 Be7 8. Bg2 O-O 9. O-O f6 10.
exf6 Nxf6 11. Re1 d4 12. Ne4 Nd5 13. c4 dxc3 14. bxc3 b6 15. Neg5 Bf6 16. Nxe6 Bxe6 17. Rxe6 Nxc3 18. Qe1 Nb4 19. Ne5 Nxd3 20. Nxd3 Qxd3 21.
Bb2 Rad8 22. Re3 Bd4 23. Bxc3 Qxe3+ 24. Qxe3 Bxe3+ 25. Kf1 Bd4 26. Bxd4 Rxd4 27. Re1 Rfd8 28. Bf3 Kf7 29. Bh5+ g6 30. Be2 Kf6 31. Kf2 Rd2 32. Ke3 Rxa2 33. Kf3 Re8 34. g4 c4 35. g5+ Kg7 36. h4 c3 37. h5 gxh5 38. f5 Rexe2 39. f6+ Kg6 40. Rc1 Rf2+ 41. Ke3 Rac2 42. Rd1 Rfd2 43. Rg1 Re2+ 44. Kd3 Rcd2+ 45. Kxc3 Rd7 46. Kc4 Re5 47. Rf1 Rxg5 48. Kc3 Rf7 49. Ra1 Kxf6 50.
Rh1 Kg6 51. Kd3 h6 52. Ke3 Rd7 53. Ke4 Re7+ 54. Kd4 Rg4+ 55. Kd5 h4 56. Kd6 Rf7 57.
Ke6 Rf6+ 58. Ke5 Rg5+ 59. Ke4 Re6+ 0-1

[Event "*** Titled Tuesday Blitz"]
[Site "Chess.com"]
[Date "2020.04.14"]
[Round "8"]
[White "Jadro9"]
[Black "GM_RobertoMogranzini"]
[Result "1-0"]
[WhiteElo "2710"]
[BlackElo "2529"]
[TimeControl "180+1"]
[EndTime "11:30:41 PDT"]
[Termination "Jadro9 won on time"]

1. e4 d5 2. exd5 Qxd5 3. Nc3 Qd8 4. d4 Nf6 5. Bc4 a6 6. Nf3 b5 7. Bb3 e6 8. Be3 Bb7 9. O-O Be7 10. Ne5 O-O 11.
a4 b4 12. Ne2 Nbd7 13. Ng3 Nd5 14. Bd2 Nxe5 15. dxe5 a5 16. Qg4 g6 17. Bh6 Re8 18.
Rfd1 Qd7 19. h4 Qc6 20. f3 Qc5+ 21. Kh1 Ne3 22. Bxe3 Qxe3 23. h5 Qxe5 24. Re1 Qg5 25. Qh3 Qh4 26. Qxh4 Bxh4 27. Kh2 Rad8 28. Re5 Rd2 29.
Kh3 Bf6 30. Rxa5 Bxb2 31. Re1 Bc3 32. Ne4 Bxe4 33. Rxe4 Red8 34. Rc5 Rd1 35. hxg6 hxg6 36. Rxc7 Rh1+ 37. Kg3 Be1+ 38. Kf4 Bf2 39. Rec4 e5+ 40. Kxe5 Bg3+ 41. Kf6 Bxc7 42. Rxc7 Rd6+ 43. Ke7 Rd2 44. Bxf7+ Kg7 45. Bb3 Kh6 46. g4 Kg5 47. a5 Ra1 48. Rc5+ Kf4 49. Kf6 Rd6+ 50. Ke7 Ra6 51. Bd5 R1xa5 52.
Rc4+ Ke5 53. Be4 Rb6 54. Rc7 g5 55. Kf7 Rf6+ 56. Kg7 Rb6 57. Rf7 Rab5 58. Rf5+ Kd4 59. Rxb5 Rxb5 60. Kg6 Ke3 61. Kf6 Kf4 62. Ke6 Rc5 63. Kd6 Rc3 64. Ke6 b3 65. cxb3 Rxb3 66. Kf6 Rb5 67. Kg6 Re5 68. Kh5 Re6 69. Bf5 Rf6 70. Be4 Rf8 71. Bd5 Rg8 72. Bxg8 1-0

[Event "*** Titled Tuesday Blitz"]
[Site "Chess.com"]
[Date "2020.04.14"]
[Round "8"]
[White "White_Ghost"]
[Black "Ave_Mariia"]
[Result "0-1"]
[WhiteElo "2449"]
[BlackElo "2315"]
[TimeControl "180+1"]
[EndTime "11:30:41 PDT"]
[Termination "Ave_Mariia won on time"]

1. Nf3 d6 2. b3 Nf6 3. Bb2 e5 4. d3 g6 5. Nbd2 Bg7 6. g3 O-O 7. Bg2 c6 8. O-O Re8 9. e4 Nbd7 10. Nh4 Nf8 11. Qe1 Ne6 12. f4 exf4 13. gxf4 Ng4 14.
Bxg7 Kxg7 15. Qg3 Nd4 16. Kh1 Nxc2 17. Rac1 Nce3 18. Rfe1 Nxg2 19. Nxg2 Qb6 20. Re2 d5 21. e5 Nh6 22. Nf3 Nf5 23. Qe1 Be6 24. Ngh4 d4 25. Ng5 Bd5+ 26. Kg1 Ne3 27. Qg3 Qc7 28. Rxe3 dxe3 29.
Qxe3 h6 30. Ne4 Bxe4 31. Qxe4 Qe7 32. Nf3 Qe6 33. Kh1 Rad8 34. d4 Qd5 35. Qe3 f6 36.
Rg1 fxe5 37. dxe5 Qd3 38. Qf2 Qe4 39. Rg4 Rd3 40. Kg2 Rf8 41. e6 Qxe6 42. Ne5 Qd5+ 43. Nf3 Re8 44. Qg3 Re2+ 45. Kf1 Rd1+ 46. Kxe2 Qd3+ 47.
Kf2 Qc2+ 48. Ke3 Rd3+ 49. Ke4 Rxb3+ 50. Ke5 Re3+ 51. Kd6 Qd3+ 52. Kc7 Re7+ 53. Kc8 Qd7+ 54. Kb8 Qd8+ 55. Kxa7 Qa5+ 56. Kb8 Qc7+ 0-1

[Event "*** Titled Tuesday Blitz"]
[Site "Chess.com"]
[Date "2020.04.14"]
[Round "8"]
[White "Volodar_Murzin"]
[Black "Eltaj_Safarli"]
[Result "0-1"]
[WhiteElo "2686"]
[BlackElo "3047"]
[TimeControl "180+1"]
[EndTime "11:30:42 PDT"]
[Termination "Eltaj_Safarli won on time"]

1. d4 Nf6 2. Nf3 g6 3. Bg5 Bg7 4. Nbd2 O-O 5. e3 d6 6. Bd3 c5 7.
O-O Nc6 8. c3 cxd4 9. exd4 h6 10. Bxf6 Bxf6 11. Re1 Bg7 12. Qb3 d5 13. Re2 Rb8 14.
a4 a6 15. Rae1 e6 16. Qa2 Qc7 17. h4 h5 18. g3 Ne7 19. Ne5 b5 20. axb5 axb5 21.
Ndf3 b4 22. c4 dxc4 23. Qxc4 Qxc4 24. Bxc4 Rd8 25. b3 Bxe5 26. Rxe5 Bb7 27. Ng5 Nc6 28. Nxf7 Kxf7 29. Rxe6 Kg7 30. d5 Nd4 31. Re7+ Kf8 32. R1e3 Nf5 33. d6 Nxe3 34. Rf7+ Kg8 35. fxe3 Ba6 36. Bd5 Kh8 37. d7 Bb5 38. Be6 Rb7 39. e4 Bxd7 40. Bd5 Rc7 41. Rf6 Rc1+ 42. Kf2 Rc2+ 43.
Ke3 Rc3+ 44. Kf4 Kg7 45. Rf7+ Kh6 46. Ke5 Re8+ 47. Kd4 Bg4 48. Rb7 Bd1 49. Rxb4 Rxg3 50. Rb6 Rg4 51. b4 Bc2 0-1

[Event "*** Titled Tuesday Blitz"]
[Site "Chess.com"]
[Date "2020.04.14"]
[Round "8"]
[White "Nbk90"]
[Black "gliglu"]
[Result "1-0"]
[WhiteElo "2529"]
[BlackElo "2381"]
[TimeControl "180+1"]
[EndTime "11:30:42 PDT"]
[Termination "Nbk90 won by resignation"]

1. e4 e6 2. d4 d5 3. Nd2 Nf6 4. e5 Nfd7 5. c3 c5 6. f4 Nc6 7. Ndf3 f5 8. Bd3 Be7 9. Ne2 O-O 10. O-O Nb6 11. Kh1 a5 12. Rg1 a4 13. g4 a3 14. gxf5 exf5 15. dxc5 axb2 16. Bxb2 Na4 17. Bc1 Nxc5 18. Bc2 Be6 19. Ned4 Qd7 20. Nxe6 Nxe6 21. Be3 Kh8 22. Bb3 Bc5 23. Bxc5 Nxc5 24. Bxd5 Ne7 25. c4 Rad8 26. e6 Nxe6 27. Ne5 Qe8 28. Qf3 Nxd5 29.
cxd5 Nd4 30. Qh3 Rf6 31. Rad1 Rxd5 32. Qg2 Qg8 33. Rd3 Rd8 34. Rgd1 Rfd6 35. Qg5 Ne6 36. Qxd8 Rxd8 37. Rxd8 Qxd8 38. Nf7+ Kg8 39. Nxd8 Nxf4 40. Rd7 g5 41. Rxb7 g4 42. Nc6 h5 43. Ne7+ Kf8 44. Nxf5 Ne6 45. Ng3 Nc5 46. Rb8+ Kg7 47. Nxh5+ Kg6 48. Ng3 Kg5 49. Rb5 Kf4 50. Rxc5 Ke3 51.
Rf5 Kd4 52. Kg2 Ke3 53. Rf6 Kd4 54. Rf4+ Kc5 55. Rxg4 Kb5 56. h4 Ka5 57. h5 Kb6 58.
h6 Kc5 59. h7 Kd5 60. h8=Q Ke6 61. Qd8 Kf7 62. Rf4+ 1-0

[Event "*** Titled Tuesday Blitz"]
[Site "Chess.com"]
[Date "2020.04.14"]
[Round "8"]
[White "dennisodessa"]
[Black "djano"]
[Result "1/2-1/2"]
[WhiteElo "2309"]
[BlackElo "2471"]
[TimeControl "180+1"]
[EndTime "11:30:42 PDT"]
[Termination "Game drawn by repetition"]

1. c4 Nf6 2. d4 e6 3. Nc3 Bb4 4.
Qc2 O-O 5. a3 Bxc3+ 6. Qxc3 b6 7. Bg5 Bb7 8. e3 h6 9. Bh4 d6 10. f3 Nbd7 11. Bd3 e5 12. Ne2 exd4 13. exd4 Qe7 14. O-O Rfe8 15. Rfe1 Qf8 16. Bf2 c5 17. Nf4 cxd4 18. Bxd4 Ne5 19. Bxe5 dxe5 20. Rxe5 Rxe5 21. Qxe5 Re8 22. Qd4 Rd8 23. Qe3 g5 24. Ne2 Qd6 25. Rd1 Kg7 26. Ng3 Bc8 27. Bc2 Qc7 28. Rxd8 Qxd8 29.
Qd3 Qe7 30. Nh5+ Nxh5 31. Qh7+ Kf6 32. Qxh6+ Ke5 33. Qxh5 Kf4 34. g3+ Ke3 35. h4 Qe5 36.
Qxg5+ Qxg5 37. hxg5 Kxf3 38. g6 fxg6 39. Bxg6 Kxg3 40.
Kf1 Kf3 41. Ke1 Ke3 42. Kd1 Kd4 43. Bf7 Bf5 44. Kd2 Bd3 45. b3 a5 46. b4 axb4 47.
axb4 Bxc4 48. Be8 Bd5 49. Bb5 Bc4 50. Bc6 Bd5 51. Bxd5 Kxd5 52. Kc3 b5 53. Kd3 Ke5 54. Ke3 Kd5 55. Kd3 Ke5 56. Ke3 Kd5 57. Kd3 1/2-1/2